 Dungeon Crawl Stone Soup version 0.10.4 character file.

458 RasselK the Skirmisher (level 6, -6/55 HPs)
             Began as a Minotaur Fighter on Mar 20, 2020.
             Mangled by a centaur (8 damage)
             ... on Level 4 of the Dungeon on Mar 3, 2021.
             The game lasted 00:25:16 (3586 turns).

RasselK the Skirmisher (Minotaur Fighter)           Turns: 3586, Time: 00:25:16

HP  -6/55        AC  7     Str 23      XL: 6   Next: 37%
MP   2/2         EV  6     Int  5      God:
Gold 129         SH 19     Dex  9      Spells:  0 memorised,  5 levels left

Res.Fire  : . . .   See Invis. : .   a - +0 hand axe {=f}
Res.Cold  : . . .   Warding    : . . b - +0 scale mail
Life Prot.: . . .   Conserve   : .   c - +0 shield
Res.Acid. : . . .   Res.Corr.  : .   (helmet restricted)
Res.Poison: .       Clarity    : .   (no cloak)
Res.Elec. : .       Spirit.Shd : .   (no gloves)
Sust.Abil.: . .     Stasis     : .   (no boots)
Res.Mut.  : .       Ctrl.Telep.: .   (no amulet)
Res.Rott. : .       Levitation : .   (no ring)
Saprovore : . . .   Ctrl.Flight: .   (no ring)

@: slightly resistant to hostile enchantments, extremely unstealthy
A: retaliatory headbutt, horns 2
a: no special abilities


You were on level 4 of the Dungeon.
You were not hungry.

You visited 1 branch of the dungeon, and saw 4 of its levels.

You collected 109 gold pieces.

Inventory:

Hand weapons
 a - a +0,+0 hand axe (weapon) {=f}
 j - a +0,+0 club
Missiles
 e - 4 +4 darts (quivered)
 l - 25 +0 stones
 A - 24 +4 arrows
Armour
 b - a +0 scale mail (worn)
 c - a +0 shield (worn)
 k - a +2 naga barding
Magical devices
 o - a wand of enslavement (6) {unknown}
 p - a wand of fireball (6) {unknown}
Comestibles
 n - a bread ration
 t - 2 meat rations
 x - a sausage
 D - a rotting chunk of hobgoblin flesh
 E - a chunk of bat flesh
 G - a chunk of giant gecko flesh
Scrolls
 i - a scroll of enchant weapon I {unknown}
 r - a scroll of detect curse {unknown}
 s - 2 scrolls of identify {unknown}
 v - a scroll of curse armour {unknown}
 y - a scroll of magic mapping {unknown}
 B - 2 scrolls of fear {unknown}
 C - a scroll of remove curse {unknown}
 F - a scroll of teleportation {unknown}
Potions
 f - a potion of cure mutation {unknown}
 g - a potion of brilliance {unknown}
 h - 2 potions of agility {unknown}
 m - a potion of resistance {unknown}
 q - a potion of confusion {unknown}
 u - a potion of heal wounds {unknown}
 w - a potion of mutation {unknown}
 z - a potion of might {unknown}
 H - 2 potions of magic {unknown}
Miscellaneous
 d - a plain deck of defence


   Skills:
 * Level 5.6 Fighting
 * Level 5.0 Axes
 + Level 4.6 Armour
 * Level 2.7 Dodging
 + Level 4.4 Shields


You had 5 spell levels left.
You didn't know any spells.

Dungeon Overview and Level Annotations

Branches:
Dungeon (4/27)
 Temple: D:4-7

Altars:
Fedhas
Nemelex Xobeh
Sif Muna

Annotations
D:2 Grinder


Innate Abilities, Weirdness & Mutations

You reflexively headbutt those who attack you in melee.
You have a pair of horns on your head.


Message History

You block the worker ant's attack. The centaur barely misses you.
You block the centaur's attack.
You hit the worker ant. You headbutt the worker ant.
The worker ant is heavily wounded.
The worker ant bites you but does no damage.
The centaur hits you.
* * * LOW HITPOINT WARNING * * *
The centaur hits you but does no damage.
Your shield and scale mail prevent you from hitting the worker ant.
The worker ant is heavily wounded.
You block the worker ant's attack. The centaur hits you!
* * * LOW HITPOINT WARNING * * *
You slash the worker ant!
The worker ant is almost dead.
The centaur barely misses you. The centaur hits you.
* * * LOW HITPOINT WARNING * * *
The centaur hits you but does no damage.
You hit the centaur but do no damage. You block the centaur's attack.
The centaur hits you!
You die...

...##........#.....######.#
#........#.....# #.#
..########........#.....######.#
..>...........>.................
..########........#####.###.....
#........# #....##.....
#........# #....##.....
..######(.####....##.....
........@c...(...........
...w............<........
.######.#####....##..... #.#
#....##..... .a. #....#######
... #....# ... #....# #####
######


You could see a worm (fleeing), a centaur and a worker ant (fleeing).

Vanquished Creatures
  Purgy (D:3)
  An orc priest (D:3)
  A hound (D:2)
  Jessica (D:2)
  Terence (D:3)
  3 adders (D:3)
  2 worms
  5 giant geckos
  4 orcs
  10 bats
  3 giant cockroaches
  18 goblins
  14 hobgoblins
  7 jackals
  9 kobolds
  2 quokkas
  2 giant newts
  8 rats
  A toadstool (D:2)
93 creatures vanquished.

Vanquished Creatures (others)
  A ball python (D:3)
  A rat (D:2)
  8 toadstools
10 creatures vanquished.

Grand Total: 103 creatures vanquished

Notes
Turn   | Place    | Note
--------------------------------------------------------------
     0 | D:1      | RasselK, the Minotaur Fighter, began the quest for the Orb.
     0 | D:1      | Reached XP level 1. HP: 19/19 MP: 0/0
   158 | D:1      | Reached XP level 2. HP: 23/26 MP: 0/0
   328 | D:1      | Reached skill level 4 in Fighting
  1005 | D:2      | Reached XP level 3. HP: 33/33 MP: 1/1
  1040 | D:2      | Found a deep blue altar of Sif Muna.
  1109 | D:2      | Found a blossoming altar of Fedhas.
  1218 | D:2      | Reached skill level 1 in Dodging
  1308 | D:2      | Reached XP level 4. HP: 29/40 MP: 1/1
  1316 | D:2      | Noticed Jessica
  1342 | D:2      | Killed Jessica
  2712 | D:4      | Reached skill level 5 in Fighting
  2718 | D:4      | Reached XP level 5. HP: 32/47 MP: 1/1
  2783 | D:3      | Noticed Purgy
  2798 | D:3      | Killed Purgy
  2810 | D:3      | Found a sparkling altar of Nemelex Xobeh.
  2912 | D:3      | Noticed Grinder
  2916 | D:3      | Paralysed by Grinder for 4 turns
  3004 | D:3      | Noticed Terence
  3005 | D:3      | Reached XP level 6. HP: 34/53 MP: 2/2
  3021 | D:3      | Killed Terence
  3368 | D:3      | Reached skill level 5 in Axes
  3584 | D:4      | HP: 1/55 [centaur (6)]
  3586 | D:4      | Mangled by a centaur
